 Dungeon Crawl Stone Soup version 0.31.0-9-g3a7656b989 (webtiles) character file.

Game seed: 2816482745969437497

21 ChrisAssaf the Ruffian (level 2, 0/31 HPs)
             Began as a Human Shapeshifter on Jan 25, 2024.
             Succumbed to an adder's poison
             ... on level 2 of the Dungeon.
             The game lasted 00:01:22 (227 turns).

ChrisAssaf the Ruffian (Human Shapeshifter)          Turns: 227, Time: 00:01:22

Health: 0/31       AC: 21    Str: 14    XL:     2   Next: 83%
Magic:  2/2        EV:  2    Int: 10    God:
Gold:   11         SH:  0    Dex: 12    Spells: 1/1 levels left

rFire   . .          .
                       - Unarmed
rCold   . . .        (no shield)
rNeg    . . .        a - melded +0 animal skin
rPois   +            (helmet currently unavailable)
rElec   .            (cloak currently unavailable)
rCorr   .            (gloves currently unavailable)
SInv    .            (boots currently unavailable)
Will    .....        (no amulet)
Stlth   +            (no ring)
HPRegen 0.25/turn    (no ring)
MPRegen 0.08/turn

%: no passive effects
@: lethally poisoned (0 -> -4), tree-form
A: stationary, stasis, torment immunity, boosted hp, explore regen
a: no special abilities


You were on level 2 of the Dungeon.
You were a tree.
You visited 1 branch of the dungeon, and saw 2 of its levels.

You collected 11 gold pieces.

Inventory:

Armour
 a - a +0 animal skin (melded)
Talismans
 c - a beast talisman
 d - a flux talisman
Potions
 b - a potion of lignification


   Skills:
 * Level 1.1 Fighting
 * Level 0.4 Armour
 * Level 2.1 Dodging
 * Level 0.2 Stealth
 * Level 3.3 Unarmed Combat
 * Level 3.2 Shapeshifting


You had one spell level left.
You didn't know any spells.
Your spell library was empty.

Dungeon Overview and Level Annotations

Branches:
Dungeon (2/15)

Altars:


Innate Abilities, Weirdness & Mutations

You are a tree.
Your roots penetrate the ground, keeping you stationary.
You cannot be teleported.
You are immune to unholy pain and torment.
Your maximum health is greatly increased.
Your equipment is partially melded.
You regain HP and MP as you explore.


Message History

You are poisoned.
The adder poisons you! The adder bites you.
You are more poisoned.
The adder poisons you!
You closely miss the adder.
The adder is severely wounded.
You feel very sick. The adder bites you.
You are more poisoned.
The adder poisons you!
You barely miss the adder.
The adder is severely wounded.
You feel very sick. The adder closely misses you.
Unknown command.
Your transformation has ended.
You turn into a tree.
Your +0 animal skin melds into your body.
Your roots penetrate the ground.
* * * LOW HITPOINT WARNING * * *
You feel very sick. The adder bites you but does no damage.
You barely miss the adder.
The adder is severely wounded.
* * * LOW HITPOINT WARNING * * *
You feel sick.
The adder bites you but does no damage. x2
You smack the adder!
You kill the adder!
* * * LOW HITPOINT WARNING * * *
You feel sick.
You cannot move.
There is a lethal amount of poison in your body!
There is a lethal amount of poison in your body!
There is a lethal amount of poison in your body!
There is a lethal amount of poison in your body!
* * * LOW HITPOINT WARNING * * *
You feel sick.
* * * LOW HITPOINT WARNING * * *
You feel sick.
You die...

.# ######.#
......####
##.....#.. #
##.........
#.#.....## .#
#........# .#
#........##.#
#........†♣.#
#.#......####
#.##...#.# #
##.##.#
....#.#
###.#...
#..... ...


There were no monsters in sight!

Vanquished Creatures
  An adder (D:2)
  A bat (D:1)
  A giant cockroach (D:1)
  A hobgoblin (D:1)
  3 jackals (D:1)
  2 quokkas (D:1)
  A rat (D:2)
10 creatures vanquished.

Notes
Turn   | Place    | Note
-------+----------+-------------------------------------------
     0 | D:1      | ChrisAssaf the Human Shapeshifter began the quest for the
                  | Orb.
     0 | D:1      | Reached XP level 1. HP: 15/15 MP: 1/1
   111 | D:1      | Reached XP level 2. HP: 8/21 MP: 2/2
   226 | D:2      | HP: 1/31 [poisoned by an adder]
   227 | D:2      | Succumbed to an adder's poison

Illustrated notes

Levels and vault maps discovered:
D:1:      amcnicky_arrival_flooded_fountain, layout_rooms, minmay_pentomino_o4
D:2:      layout_loops_ring

Action                     || total
---------------------------++-------
  Melee: Unarmed           ||    56
    Use: Scroll            ||     1
         Potion            ||     2
   Stab: Sleeping          ||     1
 Armour: Animal skin       ||    48
         Skin              ||     3
  Dodge: Dodged            ||    54
